 Dungeon Crawl Stone Soup version 0.31.0-9-g3a7656b989 (webtiles) character file.

Game seed: 16228580932642794616

1054 qw the Skirmisher (level 8, 0/45 HPs)
             Began as a Deep Elf Hunter on Feb 2, 2024.
             Incinerated by a bombardier beetle (4 damage)
             ... with a burning spray
             ... on level 5 of the Dungeon.
             The game lasted 00:00:18 (4710 turns).

qw the Skirmisher (Deep Elf Hunter)                 Turns: 4710, Time: 00:00:18

Health: 0/45       AC: 10    Str: 10    XL:     8   Next: 5%
Magic:  10/10      EV:  9    Int: 15    God:
Gold:   259        SH:  0    Dex: 18    Spells: 7/7 levels left

rFire   . . .        a - +2 shortbow (heavy)
rCold   + . .        (shield currently unavailable)
rNeg    . . .        m - +0 scale mail {rC+}
rPois   .            (no helmet)
rElec   .            g - +2 cloak
rCorr   .            (no gloves)
SInv    .            b - +0 pair of boots
Will    .....        (no amulet)
Stlth   +            (no ring)
HPRegen 0.27/turn    (no ring)
MPRegen 0.12/turn

%: no passive effects
@: on fire, glowing
A: no striking features
a: no special abilities


You were on level 5 of the Dungeon.
You visited 1 branch of the dungeon, and saw 5 of its levels.
You also visited: Sewer.

You collected 259 gold pieces.


   Skills:
 + Level 2.9 Fighting
 - Level 12.0 Ranged Weapons
 - Level 1.7 Armour
 - Level 3.2 Dodging
 - Level 1.2 Stealth


You had 7 spell levels left.
You didn't know any spells.
Your spell library was empty.

Inventory:

Hand Weapons
 a - a +2 heavy shortbow (weapon)
Armour
 b - a +0 pair of boots (worn)
 f - a +0 ring mail
 g - a +2 cloak (worn)
 m - a +0 scale mail of cold resistance (worn)
Jewellery
 e - an amulet of reflection
Wands
 c - a wand of mindburst (13)
Potions
 d - a potion of curing
 k - a potion of haste {unknown}
 l - a potion of might {unknown}

Dungeon Overview and Level Annotations

Branches:
Dungeon (5/15)              Sewer (visited)
 Temple: D:4-7

Altars:
Trog
Wu Jian
Zin
The Shining One

Shops:
D:1 *


Message History

The hound is moderately wounded.
The hound barely misses you. The hound bites you.
You shoot an arrow. The arrow closely misses the hound.
The hound bites you. The hound completely misses you.
A bombardier beetle comes into view.
You shoot an arrow. The arrow hits the hound.
The hound is heavily wounded.
You hear a bark!
The hound closely misses you. The hound bites you but does no damage.
A hound comes into view.
The bombardier beetle sprays incendiary fluid at you.
The burning spray hits you.
You are covered in liquid fire!
Enter note:
Enter note:
4705 ||| RETREEEEATING.
You shake off some of the fire as you move.
The liquid fire burns you! The hound bites you.
You shoot an arrow. The arrow hits the hound!
You kill the hound!
The liquid fire burns you!
You shoot an arrow. The arrow hits the bombardier beetle!
The bombardier beetle is severely wounded.
The liquid fire burns you!
You shoot an arrow.
The arrow hits the bombardier beetle but does no damage.
The bombardier beetle is severely wounded.
The liquid fire burns you! The hound bites you.
The hound bites you but does no damage.
The bombardier beetle bites you but does no damage.
You shoot an arrow.
The arrow barely misses the bombardier beetle.
The liquid fire burns you! The hound closely misses you. The hound misses you.
The bombardier beetle closely misses you.
You shoot an arrow.
The arrow closely misses the bombardier beetle.
The liquid fire burns you!
You die...

###.#..#...##.###.##
#..#.......##.# #.#
###........##.###.#
#####.#..##.....#
###........##..####
#..#.......##..#
###.#..#...##..#
#####.#...#.##..#
#.#...@#...[##..#
##.###hB....##..#
###.....#...#[..
#.#.#.......... # .#
.#....# ## #.....#
.....# ..#... .....#


You could see a bombardier beetle and a hound.

Vanquished Creatures
  Pargi (Sewer)
  An ice beast (D:5)
  An ogre (D:5)
  2 phantoms
  A brain worm (Sewer)
  A hound (D:5)
  2 jellies
  An orc priest (D:3)
  A bombardier beetle (D:5)
  A gnoll bouda (D:5)
  A sleepcap (D:3)
  2 iguanas
  An orc wizard (D:5)
  4 gnolls (D:5)
  A river rat (D:3)
  15 adders
  A ribbon worm (D:3)
  A dart slug (D:2)
  14 orcs
  11 ball pythons
  6 endoplasms
  5 giant cockroaches
  8 goblins
  5 hobgoblins
  2 jackals (D:1)
  5 kobolds
  4 quokkas
  2 bats
  7 frilled lizards
  10 rats
117 creatures vanquished.

Notes
Turn   | Place    | Note
-------+----------+-------------------------------------------
     0 | D:1      | qw the Deep Elf Hunter began the quest for the Orb.
     0 | D:1      | Reached XP level 1. HP: 12/12 MP: 3/3
     0 | D:1      | 0 ||| qw: Version: 0.3-a-155-g5e7d8dd
     0 | D:1      | 0 ||| qw: Game counter: 2725
     0 | D:1      | 0 ||| qw: Melee chars always use a shield: true
     0 | D:1      | 0 ||| qw: God list: Okawaru
     0 | D:1      | 0 ||| qw: Allow faded altars: false
     0 | D:1      | 0 ||| qw: Do Orc after clearing Dungeon:15 true
     0 | D:1      | 0 ||| qw: Do second Lair branch before Depths: true
     0 | D:1      | 0 ||| qw: Lair rune preference: random
     0 | D:1      | 0 ||| qw: Goals: Normal
     0 | D:1      | 0 ||| PLANNING D:1-11
   264 | D:1      | Reached XP level 2. HP: 16/16 MP: 4/4
   266 | D:1      | Reached skill level 6 in Ranged Weapons
   275 | D:1      | Found Jiwysur's General Store.
   284 | D:1      | 284 ||| SHOPLISTING potion of curing (39 gold, have 18).
   284 | D:1      | 284 ||| SHOPLISTING wand of quicksilver (3) (163 gold, have
                  | 18).
   798 | D:1      | 798 ||| UPGRADING to +0 scale mail of cold resistance.
   808 | D:1      | 808 ||| DROPPING +0 leather armour.
   809 | D:1      | 809 ||| DROPPING amulet of magic regeneration.
   810 | D:1      | 810 ||| DROPPING ring of flight.
   811 | D:1      | 811 ||| READING scroll labelled ZECULL XUOC.
   811 | D:1      | 811 ||| IDENTIFYING bubbling purple potion
   812 | D:1      | 812 ||| READING scroll labelled HOATAU ADERARCH.
   812 | D:1      | 812 ||| ENCHANTING +0 shortbow.
   813 | D:1      | 813 ||| DRINKING 2 fuming pink potions.
   917 | D:1      | 917 ||| DROPPING scroll of butterflies.
   918 | D:1      | 918 ||| DROPPING potion of attraction.
   919 | D:1      | 919 ||| DROPPING potion of berserk rage.
  1005 | D:2      | 1005 ||| RETREEEEATING.
  1006 | D:2      | 1006 ||| RETREEEEATING.
  1015 | D:2      | HP: 4/16 [adder (2)]
  1016 | D:2      | Reached XP level 3. HP: 5/20 MP: 5/5
  1131 | D:2      | Reached skill level 7 in Ranged Weapons
  1429 | D:2      | Reached XP level 4. HP: 13/25 MP: 6/6
  1747 | D:2      | 1747 ||| UPGRADING to +2 cloak.
  1752 | D:2      | 1752 ||| READING 2 scrolls labelled BIGUWK IWNITO.
  1753 | D:2      | 1753 ||| READING scroll labelled UKLAIDEVUG.
  1754 | D:2      | 1754 ||| READING scroll labelled AMINEZ LEHU KET.
  1754 | D:2      | 1754 ||| BRANDING +1 shortbow.
  1755 | D:2      | 1755 ||| READING scroll labelled XIAFIDWO LEGET.
  1756 | D:2      | 1756 ||| READING scroll labelled IDOFRU SUGGILA.
  1757 | D:2      | 1757 ||| DROPPING scroll of immolation.
  1802 | D:3      | 1802 ||| PLANNING SEWER
  1803 | D:3      | Found a bloodstained altar of Trog.
  1937 | D:3      | HP: 3/25 [sleepcap (5)]
  1940 | D:3      | Reached skill level 8 in Ranged Weapons
  2131 | D:3      | HP: 5/25 [orc priest/divine providence (13)]
  2134 | D:3      | Reached XP level 5. HP: 7/29 MP: 7/7
  2281 | D:3      | Found a glowing drain.
  2282 | D:3      | 2282 ||| UPGRADING to +0 pair of boots.
  2287 | D:3      | 2287 ||| READING scroll of identify.
  2287 | D:3      | 2287 ||| IDENTIFYING inky potion
  2288 | D:3      | 2288 ||| DROPPING potion of degeneration.
  2297 | Sewer    | Entered a sewer
  2305 | Sewer    | Reached skill level 1 in Armour
  2365 | Sewer    | Noticed Pargi
  2374 | Sewer    | Killed Pargi
  2375 | Sewer    | Reached skill level 9 in Ranged Weapons
  2375 | Sewer    | Reached XP level 6. HP: 18/34 MP: 8/8
  2451 | Sewer    | 2451 ||| READING scroll of brand weapon.
  2451 | Sewer    | 2451 ||| BRANDING +1 shortbow of freezing.
  2533 | Sewer    | 2533 ||| READING scroll labelled QEDWADWODOY.
  2534 | Sewer    | 2534 ||| READING scroll labelled RIX TA VOLERR.
  2544 | D:3      | 2544 ||| PLANNING D:1-11
  2581 | D:3      | Found a faded altar of an unknown god.
  3263 | D:3      | 3263 ||| READING scroll labelled UPETRASKAC.
  3283 | D:4      | Reached skill level 10 in Ranged Weapons
  3321 | D:4      | Identified the +2 spear "Kiserosu" {protect, rN+ Int-4
                  | Dex+3 SInv}
  3397 | D:4      | 3397 ||| READING scroll of enchant weapon.
  3397 | D:4      | 3397 ||| ENCHANTING +1 heavy shortbow.
  3475 | D:4      | Reached XP level 7. HP: 40/40 MP: 9/9
  3913 | D:4      | Found an ornate altar of the Wu Jian Council.
  3914 | D:4      | Found a glowing golden altar of the Shining One.
  3915 | D:4      | Found a glowing silver altar of Zin.
  4062 | D:4      | 4062 ||| READING 2 scrolls of identify.
  4062 | D:4      | 4062 ||| IDENTIFYING white potion
  4063 | D:4      | 4063 ||| READING scroll of identify.
  4063 | D:4      | 4063 ||| IDENTIFYING lumpy dark potion
  4064 | D:4      | 4064 ||| DROPPING potion of lignification.
  4106 | D:5      | Entered Level 5 of the Dungeon
  4174 | D:5      | Reached skill level 11 in Ranged Weapons
  4186 | D:5      | 4186 ||| FLEEEEING.
  4225 | D:5      | Reached skill level 3 in Dodging
  4322 | D:5      | HP: 10/40 [ogre/+0 giant spiked club (30)]
  4323 | D:5      | 4323 ||| READING scroll of teleportation.
  4324 | D:5      | 4324 ||| RETREEEEATING.
  4325 | D:5      | 4325 ||| RETREEEEATING.
  4326 | D:5      | 4326 ||| RETREEEEATING.
  4583 | D:5      | Reached skill level 12 in Ranged Weapons
  4602 | D:5      | Reached XP level 8. HP: 32/45 MP: 10/10
  4670 | D:5      | Identified the +7 dagger of Cesmiweo {holy, rF+ Str+4}
  4705 | D:5      | 4705 ||| RETREEEEATING.
  4708 | D:5      | HP: 10/45 [burnt (6)]
  4709 | D:5      | HP: 3/45 [burnt (4)]
  4710 | D:5      | Incinerated by a bombardier beetle

Levels and vault maps discovered:
D:1:      matt_arrival_diagonals, layout_basic, serial_shops,
          nicolae_shop_advertising_works [nicolae_subvault_shop_adworks],
          minmay_misc_feat_hallway
D:2:      layout_loops_ring, hangedman_decor_slide_cut,
          kennysheep_cluttered_room, minmay_bisected
D:3:      layout_basic, mainiacjoe_overflow_concentric_impassable,
          portal_sewer_entry_b, nicolae_ecumenical_snake_handling
D:4:      layout_basic, gammafunk_temple_overflow_claw
D:5:      layout_loops_ring, minmay_increasing_density

Skill      XL: |  1  2  3  4  5  6  7 |
---------------+----------------------+-----
Ranged Weapons | 6 7 8 9 10 12 | 12.0
Armour         | 1 |  1.7
Fighting       | 2 |  2.9
Dodging        | 3 |  3.2
Stealth        | |  1.2

Action                     |  1- 3 |  4- 6 |  7- 9 || total
---------------------------+-------+-------+-------++-------
   Fire: Shortbow          |    95 |   131 |   117 ||   343
    Use: Scroll            |     2 |    11 |     3 ||    16
         Potion            |     1 |       |       ||     1
 Armour: Scale mail        |    27 |    53 |    76 ||   156
         Leather armour    |     5 |       |       ||     5
  Dodge: Dodged            |    28 |    28 |    45 ||   101

Table legend:
 A = Non-vault XP
 B = Vault XP
 C = Vault XP percentage of total XP
 D = Non-vault monster count
 E = Vault monster count
 F = Vault count percentage of total count
                 A         B        C        D         E       F
            +---------+---------+-------+---------+---------+-------
      Total |     846 |     660 |  43.8 |      87 |      30 |  25.6
            +---------+---------+-------+---------+---------+-------
        D:1 |      21 |       0 |   0.0 |      14 |       0 |   0.0
        D:2 |      71 |      18 |  20.2 |      18 |       4 |  18.2
        D:3 |     134 |      76 |  36.2 |      18 |      11 |  37.9
        D:4 |     237 |       0 |   0.0 |      24 |       0 |   0.0
        D:5 |     383 |     305 |  44.3 |      13 |       4 |  23.5
      Sewer |       0 |     261 | 100.0 |       0 |      11 | 100.0
            +---------+---------+-------+---------+---------+-------
